 Dungeon Crawl Stone Soup version 0.18.1-48-g4cf74bf (webtiles) character file.

126 poirepourri the Covered (level 4, 22/41 HPs)
             Began as a Minotaur Fighter on May 5, 2016.
             Quit the game on level 3 of the Dungeon on July 4, 2016.
             The game lasted 00:02:29 (1307 turns).

poirepourri the Covered (Minotaur Fighter)          Turns: 1307, Time: 00:02:30

Health: 22/41      AC:  7    Str: 22    XL:     4   Next: 83%
Magic:  3/3        EV:  8    Int:  5    God:
Gold:   105        SH:  9    Dex:  9    Spells: 0 memorised, 3 levels left

rFire  . . .     SeeInvis .     a - +0 war axe
rCold  . . .     Gourm    .     b - +0 scale mail
rNeg   . . .     Faith    .     c - +0 shield
rPois  .         Spirit   .     (helmet restricted)
rElec  .         Dismiss  .     (no cloak)
rCorr  .         Reflect  .     (no gloves)
SustAt .         Harm     .     (no boots)
MR     .....                    (no amulet)
Stlth  ..........               (no ring)
                                (no ring)

@: not resistant to hostile enchantments, extremely unstealthy
A: retaliatory headbutt, horns 2
a: no special abilities


You were on level 3 of the Dungeon.
You were not hungry.

You visited 1 branch of the dungeon, and saw 3 of its levels.

You collected 105 gold pieces.

Inventory:

Hand Weapons
 a - a +0 war axe (weapon)
Armour
 b - a +0 scale mail (worn)
 c - a +0 shield (worn)
 k - a +0 pair of boots
Scrolls
 e - a scroll of identify
 h - a scroll of remove curse
 i - a scroll of teleportation
 l - a scroll of enchant armour {unknown}
 m - a scroll of amnesia {unknown}
Potions
 d - 2 potions of might
 g - a potion of lignification
Comestibles
 f - a bread ration
 j - a royal jelly


   Skills:
 + Level 4.3 Fighting
 + Level 3.4 Axes
 + Level 4.6 Armour
 + Level 1.5 Dodging
 + Level 4.4 Shields


You had 3 spell levels left.
You didn't know any spells.

Dungeon Overview and Level Annotations

Branches:
Dungeon (3/15)

Altars:


Innate Abilities, Weirdness & Mutations

You reflexively headbutt those who attack you in melee.
You have a pair of horns on your head.


Message History

The orc shouts! x2
There are monsters nearby!
There are monsters nearby!
You hit the orc.
You kill the orc!
You hit the orc.
The orc is heavily wounded.
The orc hits you but does no damage. You block the orc's attack.
You see here an orc corpse.
The orc hits you with a dagger.
You closely miss the orc. You headbutt the orc.
You kill the orc!
You see here a dagger.
You hear the sound of rushing water.
There is an entrance to a sewer on this level.
Hurry and find it before the portal rusts away!
Welcome back, poirepourri the Minotaur Fighter.
Press ? for a list of commands and other information.
Unknown command.
Are you sure you want to abandon this character and quit the game? (Confirm with "yes".)

#########
####.......#
#..........#
...........#
...........#
.....####+###
..##.#......#######
..#...........†.@.#
...................#
............###....#
)....#......# #.##.#
#..)........# #.# .#
#...........# #.. .#
.....>....... .## ##
##.....##.### .
.....### .#


There were no monsters in sight!

Vanquished Creatures
  A giant frog zombie (D:3)
  3 adders
  A worm (D:3)
  A giant gecko (D:1)
  5 orcs (D:3)
  9 bats
  A giant cockroach (D:1)
  4 goblins
  8 hobgoblins
  4 jackals (D:1)
  2 quokkas (D:2)
  2 ball pythons (D:1)
  A giant newt (D:2)
  7 kobolds
  4 rats
53 creatures vanquished.

Notes
Turn   | Place    | Note
--------------------------------------------------------------
     0 | D:1      | poirepourri the Minotaur Fighter began the quest for the Orb.
     0 | D:1      | Reached XP level 1. HP: 19/19 MP: 0/0
     3 | D:1      | Noticed an electric eel
     3 | D:1      | Noticed an electric eel
    80 | D:1      | Reached XP level 2. HP: 27/27 MP: 1/1
   116 | D:1      | Upgraded the game from 0.18.0-1-g0107ab7 to 0.18.0-2-g198d6d4
   362 | D:2      | Reached XP level 3. HP: 31/33 MP: 2/2
   976 | D:3      | Reached skill level 1 in Dodging
   976 | D:3      | Reached XP level 4. HP: 35/40 MP: 3/3
  1182 | D:3      | Upgraded the game from 0.18.0-2-g198d6d4 to 0.18.1-5-g4a78601
  1307 | D:3      | Upgraded the game from 0.18.1-5-g4a78601 to 0.18.1-48-g4cf74bf
  1307 | D:3      | Quit the game

Skill      XL: |  1  2  3 |
---------------+----------+-----
Shields        | 4 |  4.4
Armour         | 4 |  4.6
Fighting       | 4 |  4.3
Axes           | 3 |  3.4
Dodging        | 1 |  1.5

Action                   |  1- 3 |  4- 6 || total
-------------------------+-------+-------++-------
Melee: War axe           |   102 |    29 ||   131
       Headbutt          |    12 |     7 ||    19
  Use: Scroll            |     4 |       ||     4
  Eat: Bread ration      |       |     1 ||     1
Armor: Scale mail        |    66 |    13 ||    79
Dodge: Dodged            |    37 |    17 ||    54
Block: Shield            |    77 |    20 ||    97
